 Dungeon Crawl Stone Soup version 0.20.1-1-g8b1a95d (webtiles) character file.

6230 IcyTea the Slicer (level 10, -2/63 HPs)
             Began as a Vampire Enchanter on Oct 11, 2017.
             Was a Follower of Uskayaw.
             Slain by a killer bee (6 damage)
             ... on level 10 of the Dungeon.
             The game lasted 00:49:41 (9819 turns).

IcyTea the Slicer (Vampire Enchanter)               Turns: 9819, Time: 00:49:42

Health: -2/63      AC: 12    Str:  7    XL:     10   Next: 61%
Magic:  8/25       EV: 12    Int: 20    God:    Uskayaw [*.....]
Gold:   199        SH:  5    Dex: 16    Spells: 5/15 levels left

rFire    . . .     SeeInvis +   q - +3 rapier
rCold    . . .     Gourm    .   B - +0 buckler
rNeg     . . .     Faith    .   A - +3 leather armour {MR+}
rPois    .         Spirit   .   f - +0 helmet
rElec    .         Reflect  .   (no cloak)
rCorr    +         Harm     .   (no gloves)
MR       ++...                  v - +1 pair of boots
Stlth    +++.......             F - amulet of magic regeneration
Regen    0.4/turn               m - ring of resist corrosion
MPRegen  0.3/turn               w - ring of magical power

@: lethally poisoned (-2 -> -15), regenerating quickly
A: fangs 3, yellow scales 1, see invisible, screaming 1, unbreathing
a: Stomp, Renounce Religion


You were on level 10 of the Dungeon.
You worshipped Uskayaw.
Uskayaw was aware of your devotion.
You were full.

You visited 2 branches of the dungeon, and saw 11 of its levels.
You also visited: Ossuary.

You collected 559 gold pieces.
You spent 360 gold pieces at shops.

Inventory:

Hand Weapons
 a - a +1 dagger
 b - a +1 dagger of venom
 q - a +3 rapier (weapon)
 C - a +2 antimagic dagger
Missiles
 d - 9 tomahawks
 i - 2 javelins of returning (quivered)
 k - 14 curare-tipped needles
Armour
 f - a +0 helmet (worn)
 v - a +1 pair of boots (worn)
 A - a +3 leather armour of magic resistance (worn)
 B - a +0 buckler (worn)
Jewellery
 m - a ring of resist corrosion (left hand)
 w - a ring of magical power (right hand)
 F - an amulet of magic regeneration (around neck)
Wands
 u - a wand of flame (30/48)
 y - a wand of clouds (3/9)
 z - a wand of acid (7/15)
Scrolls
 e - 4 scrolls of blinking
 h - 5 scrolls of teleportation
 j - 2 scrolls of recharging
 l - 2 scrolls of amnesia
 p - 8 scrolls of identify
 r - 4 scrolls of remove curse
 s - 4 scrolls of magic mapping
 x - a scroll of random uselessness {unknown}
 D - a scroll of vulnerability {unknown}
 E - 2 scrolls of fear
 H - a scroll of fog {unknown}
Potions
 g - a potion of heal wounds
 n - 4 potions of curing
 o - a potion of brilliance
 t - 2 potions of berserk rage
Books
 c - a book of Maledictions

   Spells                             Type                      Level
   a - Corona                         Hexes                        1
   b - Ensorcelled Hibernation        Hexes/Ice                    2
   c - Confuse                        Hexes                        3
   d - Tukima's Dance                 Hexes                        3
   e - Dazzling Spray                 Conjuration/Hexes            3
 G - a book of Flames

   Spells                             Type                      Level
   a - Flame Tongue                   Conjuration/Fire             1
   b - Throw Flame                    Conjuration/Fire             2
   c - Conjure Flame                  Conjuration/Fire             3
   d - Inner Flame                    Hexes/Fire                   3
   e - Sticky Flame                   Conjuration/Fire             4
   f - Fireball                       Conjuration/Fire             5


   Skills:
 - Level 10.2 Short Blades
 - Level 4.6 Armour
 - Level 2.1 Dodging
 - Level 4.4 Stealth
 - Level 4.4 Shields
 - Level 3.1 Spellcasting
 - Level 6.0 Hexes
 - Level 1.0 Ice Magic
 + Level 9.0 Invocations


You had 5 spell levels left.
You knew the following spells:

 Your Spells              Type           Power        Failure   Level  Hunger
a - Confuse               Hex            ####....     4%          3    ###....
b - Ensorcelled Hibernat  Hex/Ice        ###...       7%          2    ##.....
c - Tukima's Dance        Hex            ####....     4%          3    ###....
d - Throw Flame           Conj/Fire      #.....       30%         2    ##.....


Dungeon Overview and Level Annotations

Branches:
Dungeon (10/15)            Temple (1/1) D:5            Lair (0/6) D:9
    Orc (0/2) D:9

Altars:
Ashenzari
Cheibriados
Dithmenos
Elyvilon
Fedhas
Gozag
Hepliaklqana
Kikubaaqudgha
Makhleb
Nemelex Xobeh
Okawaru
Qazlal
Ru
Sif Muna
Trog
Uskayaw
Vehumet
Xom
Yredelemnul
Zin
The Shining One

Shops:
D:6 (   D:9 ([


Innate Abilities, Weirdness & Mutations

Your natural rate of healing is unusually fast.
You have razor-sharp teeth.
You have supernaturally acute eyesight. (SInv)
You can survive without breathing.
You are partially covered in yellow scales. (AC +2)
You occasionally shout uncontrollably at your foes.


Message History

The killer bee stings you but does no damage.
The killer bee barely misses you. x2
The killer bee rages.
You hear an angry buzzing noise.
Casting: Ensorcelled Hibernation
Confirm with . or Enter, or press ? or * to list all spells.
Aiming: Ensorcelled Hibernation
Press: ? - help, Shift-Dir - straight line, f/p - killer bee
Aim: a killer bee (chance to defeat MR: 56%)
The killer bee resists with significant effort.
You feel sick.
The killer bee is no longer berserk.
The killer bee stings you.
* * * LOW HITPOINT WARNING * * *
You are more poisoned.
The killer bee poisons you!
You hear an angry buzzing noise.
The killer bee stings you.
* * * LOW HITPOINT WARNING * * *
You are more poisoned.
The killer bee poisons you! The killer bee stings you.
You die...

##.# #.# #.##.# #.# ..%# #.#
#.##.# #.# #### #.########
#.##.###.# #........# ###
#......... ########.###.##
###.....#.#
#######.##.#.###.........# #
##.........###..........###
#######........y##
##........##
..)........###.#@###........##
#######.(.## #.##y#....>....#
##.## #.###y†.......## #.#
###.# ##yy......# #.# #...#
#y.......... ###.# #.###
#.########### ....# #.# #.#
...§.##y######.#
#..y..ycy.y...#


You could see a queen bee and 5 killer bees.

Vanquished Creatures
  The ghost of libidonplus the Severer, a journeyman HOMo of Beogh (D:9)
  Joseph (D:9)
  A hippogriff (D:9)
  11 yaks (D:9)
  A wraith (D:10)
  2 sky beasts
  3 orc warriors
  An ice beast (D:10)
  An ogre (D:10)
  A phantom (D:7)
  5 centaurs
  3 bullfrogs
  6 killer bees (D:10)
  3 howler monkeys
  3 crimson imps
  A quasit (D:10)
  6 hounds
  An orc priest (D:6)
  4 jellies
  2 bullfrog skeletons
  17 orc wizards
  5 worker ants
  A hound skeleton (D:5)
  A worker ant zombie (D:7)
  11 adders
  2 howler monkey skeletons
  An ooze (D:2)
  An adder skeleton (D:9)
  A worm (D:2)
  2 dart slugs
  3 leopard geckos
  35 orcs
  A ball python (D:5)
  3 bats
  6 giant cockroaches
  2 gnoll zombies (Ossuary)
  3 goblins
  9 hobgoblins
  7 jackals
  4 kobolds
  2 quokkas
  2 frilled lizards (D:4)
  4 gnoll skeletons (Ossuary)
  3 goblin skeletons (Ossuary)
  3 hobgoblin skeletons (Ossuary)
  3 hobgoblin zombies (Ossuary)
  3 kobold skeletons (Ossuary)
  3 kobold zombies (Ossuary)
  2 orc skeletons (Ossuary)
  3 orc zombies (Ossuary)
  A quokka skeleton (D:5)
  8 rats
  A rat skeleton (Ossuary)
  4 rat zombies (Ossuary)
214 creatures vanquished.

Vanquished Creatures (collateral kills)
  An ogre (D:4)
1 creature vanquished.

Vanquished Creatures (others)
  Menkaure (Ossuary)
  3 mummies (Ossuary)
  3 gnoll zombies (Ossuary)
  4 goblin skeletons (Ossuary)
  A goblin zombie (Ossuary)
  A hobgoblin skeleton (Ossuary)
  2 hobgoblin zombies (Ossuary)
  A kobold skeleton (Ossuary)
  A kobold zombie (Ossuary)
  An orc zombie (Ossuary)
  3 rat skeletons (Ossuary)
  2 rat zombies (Ossuary)
23 creatures vanquished.

Grand Total: 238 creatures vanquished

Notes
Turn   | Place    | Note
-------+----------+-------------------------------------------
     0 | D:1      | IcyTea the Vampire Enchanter began the quest for the Orb.
     0 | D:1      | Reached XP level 1. HP: 13/13 MP: 3/3
   232 | D:1      | Reached skill level 2 in Short Blades
   302 | D:1      | Reached XP level 2. HP: 17/19 MP: 1/5
   306 | D:1      | Learned a level 2 spell: Ensorcelled Hibernation
   641 | D:2      | Reached skill level 3 in Short Blades
   794 | D:2      | Found a hide-covered altar of Uskayaw.
   798 | D:2      | Reached XP level 3. HP: 24/24 MP: 6/6
   802 | D:2      | Became a worshipper of Uskayaw the Reveler
   856 | D:2      | Reached skill level 1 in Ice Magic
   871 | D:2      | Reached * piety under Uskayaw
   899 | D:2      | Reached skill level 5 in Hexes
  1545 | D:3      | Reached ** piety under Uskayaw
  1552 | D:3      | Reached XP level 4. HP: 10/30 MP: 0/7
  1552 | D:3      | Reached *** piety under Uskayaw
  2041 | D:3      | Learned a level 3 spell: Confuse
  2100 | D:3      | Reached skill level 4 in Short Blades
  2251 | D:3      | Reached **** piety under Uskayaw
  2634 | D:4      | Reached XP level 5. HP: 34/35 MP: 8/8
  2639 | D:4      | Learned a level 3 spell: Tukima's Dance
  2642 | D:4      | Found a sand-covered staircase.
  2650 | Ossuary  | Entered an ossuary
  2907 | Ossuary  | Reached skill level 5 in Short Blades
  3184 | Ossuary  | Noticed Menkaure
  3184 | Ossuary  | Killed Menkaure
  4267 | D:4      | Noticed an ogre
  4284 | D:4      | Killed an ogre
  4284 | D:4      | Reached skill level 6 in Short Blades
  4284 | D:4      | Reached XP level 6. HP: 4/41 MP: 1/9
  5164 | D:5      | Entered Level 5 of the Dungeon
  5185 | D:5      | Reached skill level 7 in Short Blades
  5226 | D:5      | Reached skill level 1 in Invocations
  5265 | D:5      | Reached XP level 7. HP: 31/46 MP: 5/10
  5373 | D:5      | Found a staircase to the Ecumenical Temple.
  5411 | Temple   | Entered the Ecumenical Temple
  5997 | D:5      | Reached skill level 1 in Armour
  6223 | D:6      | Found Jiwuh's Weapon Emporium.
  6648 | D:6      | Found an iron altar of Okawaru.
  6715 | D:6      | Reached skill level 1 in Shields
  6813 | D:6      | Found an opulent altar of Gozag.
  6872 | D:7      | Reached XP level 8. HP: 52/52 MP: 12/12
  6996 | D:7      | Gained mutation: You possess an exceptional clarity of mind. [potion of mutation]
  6996 | D:7      | Gained mutation: You have a pair of small horns on your head. [potion of mutation]
  6996 | D:7      | Gained mutation: You occasionally shout uncontrollably at your foes. [potion of mutation]
  6996 | D:7      | Gained mutation: Your flesh is heat resistant. (rF+) [potion of mutation]
  7024 | D:7      | Found a radiant altar of Vehumet.
  7757 | D:8      | Reached skill level 8 in Short Blades
  7791 | D:8      | Lost mutation: You possess an exceptional clarity of mind. [potion of mutation]
  7791 | D:8      | Lost mutation: Your flesh is heat resistant. (rF+) [potion of mutation]
  7791 | D:8      | Lost mutation: You have a pair of small horns on your head. [potion of mutation]
  7791 | D:8      | Lost mutation: You occasionally shout uncontrollably at your foes. [potion of mutation]
  7791 | D:8      | Gained mutation: You are surrounded by a mild repulsion field. (EV +2) [potion of mutation]
  7791 | D:8      | Gained mutation: You expend magic power (3 MP) to strengthen your wands. [potion of mutation]
  7791 | D:8      | Gained mutation: You have a pair of small horns on your head. [potion of mutation]
  7792 | D:8      | Lost mutation: You have a pair of small horns on your head. [potion of mutation]
  7792 | D:8      | Lost mutation: You expend magic power (3 MP) to strengthen your wands. [potion of mutation]
  7792 | D:8      | Lost mutation: You are surrounded by a mild repulsion field. (EV +2) [potion of mutation]
  7792 | D:8      | Gained mutation: You occasionally shout uncontrollably at your foes. [potion of mutation]
  7792 | D:8      | Gained mutation: You are partially covered in yellow scales. (AC +2) [potion of mutation]
  8225 | D:9      | Noticed libidonplus's ghost (journeyman HOMo)
  8520 | D:9      | Found Feshrojal's Armour Emporium.
  8520 | D:9      | Found a staircase to the Orcish Mines.
  8521 | D:9      | Found Bafysale's Weapon Emporium.
  8531 | D:9      | Reached XP level 9. HP: 57/57 MP: 13/13
  8586 | D:9      | Bought a +3 leather armour of magic resistance for 360 gold pieces
  8674 | D:9      | Reached skill level 9 in Short Blades
  8693 | D:9      | Reached skill level 10 in Short Blades
  8693 | D:9      | Reached ***** piety under Uskayaw
  8830 | D:9      | Noticed Joseph
  8866 | D:9      | Killed Joseph
  8866 | D:9      | Reached skill level 5 in Invocations
  8916 | D:9      | Found a staircase to the Lair.
  8932 | D:9      | Reached XP level 10. HP: 45/63 MP: 13/14
  8981 | D:9      | Found a snail-covered altar of Cheibriados.
  9220 | D:9      | Killed libidonplus's ghost
  9289 | D:10     | Entered Level 10 of the Dungeon
  9622 | D:10     | Learned a level 2 spell: Throw Flame
  9819 | D:10     | Slain by a killer bee

Skill      XL: |  1  2  3  4  5  6  7  8  9 10 |
---------------+-------------------------------+-----
Short Blades   | 2 3 4 6 7 8 10 | 10.2
Ice Magic      | 1 |  1.0
Hexes          | 5 6 |  6.0
Invocations    | 1 2 6 9 |  9.0
Armour         | 3 4 |  4.6
Spellcasting   | 3 |  3.1
Shields        | 1 4 |  4.4
Dodging        | |  2.1
Stealth        | |  4.4

Action                   |  1- 3 |  4- 6 |  7- 9 | 10-12 || total
-------------------------+-------+-------+-------+-------++-------
Melee: Dagger            |    99 |    20 |       |       ||   119
       Bite              |     9 |    13 |    19 |     7 ||    48
       Rapier            |       |   161 |   300 |   129 ||   590
       Headbutt          |       |       |     8 |       ||     8
Throw: Javelin           |     2 |       |       |       ||     2
 Cast: Corona            |     3 |       |       |       ||     3
       Ensorcelled Hiber |    10 |    21 |    27 |    20 ||    78
       Tukima's Dance    |       |     1 |       |     1 ||     2
       Confuse           |       |       |     1 |     6 ||     7
  Use: Scroll            |     1 |     8 |     1 |     2 ||    12
       Potion            |     1 |     3 |    11 |     2 ||    17
 Stab: Sleeping          |    12 |    16 |    26 |    10 ||    64
       Paralysed         |       |     3 |    16 |     7 ||    26
       Distracted        |       |     2 |     2 |       ||     4
       Confused          |       |       |     2 |     3 ||     5
  Eat: Corpse            |     2 |    12 |    18 |     3 ||    35
Armor: Robe              |    12 |    16 |     3 |       ||    31
       Ring mail         |       |       |    79 |       ||    79
       Leather armour    |       |       |    12 |    54 ||    66
Dodge: Dodged            |    49 |    86 |   113 |    71 ||   319
Block: Buckler           |       |       |    39 |    36 ||    75
